 Dungeon Crawl Stone Soup version 0.18-a0-1692-g516f9e9 (webtiles) character file.

43 dohliylev the Sneak (level 3, 0/24 HPs)
             Began as a Vampire Enchanter on Apr 5, 2016.
             Killed from afar by Natasha (6 damage)
             ... with a magic dart
             ... on level 2 of the Dungeon.
             The game lasted 00:03:49 (1112 turns).

dohliylev the Sneak (Vampire Enchanter)             Turns: 1112, Time: 00:03:50

Health: 0/24       AC:  0    Str:  7    XL:     3   Next: 37%
Magic:  1/6        EV: 20    Int: 17    God:
Gold:   70         SH:  0    Dex: 20    Spells: 2 memorised, 3 levels left

rFire  . . .     SeeInvis +     (weapon currently unavailable)
rCold  + . .     Gourm    .     (armour currently unavailable)
rNeg   + + .     Faith    .     (shield currently unavailable)
rPois  +         Spirit   .     (helmet currently unavailable)
rElec  .         Dismiss  .     (cloak currently unavailable)
rCorr  .         Reflect  .     (gloves currently unavailable)
SustAt .         Harm     .     (boots currently unavailable)
MR     .....                    n - amulet of regeneration
Stlth  ++++......               (ring currently unavailable)
                                (ring currently unavailable)

@: bat-form, flying, regenerating slowly, very quick, not resistant to hostile
enchantments, stealthy
A: fangs 3, see invisible, (unbreathing)
a: End Transformation


You were on level 2 of the Dungeon.
You were thirsty.
You were in vampire-bat-form.
You visited 1 branch of the dungeon, and saw 2 of its levels.

You collected 70 gold pieces.

Inventory:

Hand Weapons
 a - a +1 dagger
 o - a cursed -2 dagger (melded)
Missiles
 h - 37 poisoned needles
Armour
 b - a +1 robe (melded)
 q - a +0 helmet (melded)
Jewellery
 k - a ring of protection from cold (melded)
 l - a ring of protection from cold (melded)
 n - an amulet of regeneration (around neck)
 r - an uncursed ring of fire {unknown}
Scrolls
 e - 2 scrolls of blinking {unknown}
 f - a scroll of teleportation {unknown}
 g - 2 scrolls of remove curse {unknown}
 m - a scroll of identify {unknown}
Potions
 d - 13 potions of blood
 i - 2 potions of curing {unknown}
 j - a potion of haste {unknown}
 p - 2 potions of heal wounds {unknown}
 s - a potion of degeneration {unknown}
Books
 c - a book of Maledictions

   Spells                             Type                      Level
   a - Corona                         Hexes                        1
   b - Ensorcelled Hibernation        Hexes/Ice                    2
   c - Confuse                        Hexes                        3
   d - Tukima's Dance                 Hexes                        3
   e - Dazzling Spray                 Conjuration/Hexes            3


   Skills:
 + Level 1.2 Short Blades
 + Level 2.3 Dodging
 + Level 5.8 Stealth
 + Level 2.1 Spellcasting
 + Level 4.9 Hexes
 + Level 0.4 Ice Magic


You had 3 spell levels left.
You knew the following spells:

 Your Spells              Type           Power        Failure   Level  Hunger
a - Corona                Hex            ###....      2%          1    #......
b - Ensorcelled Hibernat  Hex/Ice        ##....       12%         2    ###....


Dungeon Overview and Level Annotations

Branches:
Dungeon (2/15)

Altars:
Fedhas

Annotations:
D:2 Natasha


Innate Abilities, Weirdness & Mutations

You heal slowly.
You have razor-sharp teeth.
You have supernaturally acute eyesight.
((You can survive without breathing.))


Message History

Press: ? - help, Shift-Dir - straight line, f/p - Natasha
Aim: Natasha (chance to defeat MR: 41%) Natasha resists with some effort.
Natasha howls an incantation.
You feel disoriented. Natasha barely misses you. Natasha casts a spell at you.
The magic dart hits you!
Natasha stares at you and mumbles some strange words.
The magic dart hits you!
* * * LOW HITPOINT WARNING * * *
Natasha mumbles some strange words.
Natasha glows brightly for a moment.
You turn into a vampire bat.
Your cursed -2 dagger melds into your body.
Your +0 helmet melds into your body.
Your +1 robe melds into your body.
Your ring of protection from cold melds into your body. x2
Natasha stares at you and mumbles some strange words.
The magic dart hits you!
You die...

#.##..#.#####
#รท....# #.##.#.##
#.##### #.##.### #.#
..##.# #.# .....# #.#
..#.## #.# #.#. #.#
#.#. #########.#
..#.#######..h..b...#
###.........#########
###########


You could see Natasha.

Vanquished Creatures
  An ooze (D:2)
  A worm (D:2)
  A dart slug (D:1)
  2 giant geckos
  6 bats
  A giant cockroach (D:2)
  5 goblins
  7 hobgoblins
  3 giant newts (D:1)
  3 rats
30 creatures vanquished.

Notes
Turn   | Place    | Note
--------------------------------------------------------------
     0 | D:1      | dohliylev the Vampire Enchanter began the quest for the Orb.
     0 | D:1      | Reached XP level 1. HP: 13/13 MP: 3/3
   149 | D:1      | Reached XP level 2. HP: 18/19 MP: 5/5
   153 | D:1      | Learned a level 2 spell: Ensorcelled Hibernation
   281 | D:1      | Reached skill level 5 in Stealth
   773 | D:2      | Reached XP level 3. HP: 24/24 MP: 6/6
   809 | D:2      | Found a blossoming altar of Fedhas.
  1091 | D:2      | Noticed Natasha
  1112 | D:2      | Killed from afar by Natasha

Vault maps used:
D:1:      dpeg_arrival_houses_and_road, minivault_4
D:2:      fedhas_altar_2, uniq_natasha

Skill      XL: |  1  2 |
---------------+-------+-----
Stealth        | 5 |  5.8
Short Blades   | |  1.2
Dodging        | |  2.3
Spellcasting   | |  2.1
Hexes          | |  4.9
Ice Magic      | |  0.4

Action                   || total
-------------------------++-------
Melee: Dagger            ||    54
 Cast: Ensorcelled Hiber ||    11
 Abil: Bat Form          ||     1
 Stab: Sleeping          ||    23
